 Dungeon Crawl Stone Soup version 0.30.1-9-gdf580d7c3d (webtiles) character file.

Game seed: 13190480786107165697

65 Ironcache the Ducker (level 3, 15/15 HPs)
             Began as a Felid Earth Elementalist on Oct 9, 2023.
             Quit the game on level 2 of the Dungeon.
             The game lasted 00:06:50 (1381 turns).

Ironcache the Ducker (Felid Earth Elementalist)     Turns: 1381, Time: 00:06:51

Health: 15/15      AC:  1    Str:  4    XL:     3   Next: 94%
Magic:  7/7        EV: 18    Int: 18    God:
Gold:   65         SH:  0    Dex: 16    Spells: 6/7 levels left
                                        Lives:  0   Deaths: 1

rFire   . .          .
                       - Unarmed
rCold   . . .        (shield unavailable)
rNeg    . . .        (body armour unavailable)
rPois   .            (helmet unavailable)
rElec   .            (cloak unavailable)
rCorr   .            (gloves unavailable)
SInv    +            (boots unavailable)
Will    .....        (no amulet)
Stlth   ++           (no ring)
HPRegen 0.22/turn    (no ring)
MPRegen 0.10/turn

%: no passive effects
@: quick
A: very small, claws 1, fangs 3, see invisible, speed 1, shaggy fur 1, stealthy
paws, no weapons or thrown items, no armour, multi-lived
a: no special abilities


You were on level 2 of the Dungeon.
You visited 1 branch of the dungeon, and saw 2 of its levels.

You collected 65 gold pieces.

Inventory:

Wands
 f - a wand of roots (3)
Scrolls
 b - a scroll of teleportation {unknown}
 d - a scroll of enchant weapon {unknown}
 g - 3 scrolls of vulnerability {unknown}
Potions
 a - a potion of magic
 c - 3 potions of curing {unknown}
 e - a potion of flight {unknown}
 h - a potion of mutation {unknown}
 i - a potion of attraction {unknown}
 j - a potion of berserk rage {unknown}


   Skills:
 + Level 1.3 Fighting
 + Level 3.5 Dodging
 + Level 3.5 Stealth
 + Level 1.4 Unarmed Combat
 + Level 2.5 Spellcasting
 - Level 2.0 Transmutations
 + Level 3.0 Earth Magic


You had 6 spell levels left.
You knew the following spells:

 Your Spells              Type           Power      Damage    Failure   Level
a - Sandblast             Erth           26%        2d8       4%          1

Your spell library contained the following spells:

 Spells                   Type           Power      Damage    Failure   Level
 Passwall                 Tmut/Erth      9%         N/A       9%          2
 Apportation              Tloc           4%         N/A       17%         1
 Stone Arrow              Conj/Erth      14%        3d7       26%         3
 Petrify                  Tmut/Erth      11%        N/A       52%         4
 Alistair's Intoxication  Tmut/Pois      3%         N/A       97%         5


Dungeon Overview and Level Annotations

Branches:
Dungeon (2/15)

Altars:

Shops:
D:1 =


Innate Abilities, Weirdness & Mutations

You have sharp claws.
You have razor-sharp teeth.
You have supernaturally acute eyesight. (SInv)
You cover ground quickly. (Speed+)
You are covered in fur. (AC +1)
Your paws help you pounce on unaware monsters.
You are incapable of wielding weapons or throwing items.
You cannot wear armour.
You gain extra lives every three experience levels.


Message History

The ball python misses you. The ball python completely misses you.
Casting: Sandblast (safe; 4% risk of failure)
Confirm with . or Enter, or press ? or * to list all spells.
Aiming: Sandblast (safe; 4% risk of failure)
Press: ? - help, Shift-Dir - straight line, f/p - goblin
Aim: a goblin, wielding a +0 club (heavily wounded, 77% to hit)
The blast of sand hits the ball python!
You kill the ball python!
The goblin closely misses you.
Casting: Sandblast (safe; 4% risk of failure)
Confirm with . or Enter, or press ? or * to list all spells.
Aiming: Sandblast (safe; 4% risk of failure)
Press: ? - help, Shift-Dir - straight line, f/p - goblin
Aim: a goblin, wielding a +0 club (heavily wounded, 77% to hit)
The blast of sand hits the goblin.
You kill the goblin!
Casting: Sandblast (safe; 4% risk of failure)
Confirm with . or Enter, or press ? or * to list all spells.
Aiming: Sandblast (safe; 4% risk of failure)
Press: ? - help, Shift-Dir - straight line, f - worm
Aim: a worm (moderately wounded, 94% to hit)
The blast of sand hits the worm.
The worm is severely wounded.
Casting: Sandblast (safe; 4% risk of failure)
Confirm with . or Enter, or press ? or * to list all spells.
Aiming: Sandblast (safe; 4% risk of failure)
Press: ? - help, Shift-Dir - straight line, f/p - worm
Aim: a worm (heavily wounded, 94% to hit)
The blast of sand hits the worm!
You kill the worm!
HP restored.
You see here a worm corpse.
You see here a +0 club.
h - a purple potion
i - a coppery potion
j - a smoky sapphire potion Unknown command.
Welcome back, Ironcache the Felid Earth Elementalist.
Press ? for a list of commands and other information.
Are you sure you want to abandon this character and quit the game? (Confirm with "yes".)

.... ..... .... #....
#....
....#######....####....
.......#...###........
.....................
#...................
..###...................
#....................##
#..@................
.....................###
.!...................# #
....#................# #
... #..............>##
## #..........#...##
....######.######
###.... #)# #..##†#


There were no monsters in sight!

Vanquished Creatures
  Natasha (twice) (D:2)
  A gnoll (D:1)
  A worm (D:2)
  A dart slug (D:1)
  7 ball pythons
  2 giant cockroaches (D:1)
  3 goblins
  2 hobgoblins (D:1)
  10 jackals (D:1)
  A kobold (D:1)
  2 quokkas (D:1)
  8 bats
  A rat (D:1)
41 creatures vanquished.

Notes
Turn   | Place    | Note
-------+----------+-------------------------------------------
     0 | D:1      | Ironcache the Felid Earth Elementalist began the quest for
                  | the Orb.
     0 | D:1      | Reached XP level 1. HP: 7/7 MP: 4/4
   101 | D:1      | Reached XP level 2. HP: 12/12 MP: 4/6
   317 | D:1      | Found Siut's Jewellery Boutique.
   388 | D:1      | Reached XP level 3. HP: 15/15 MP: 2/7
   585 | D:1      | Reached skill level 1 in Unarmed Combat
   728 | D:1      | Found a faded altar of an unknown god.
   998 | D:1      | Reached skill level 1 in Fighting
  1146 | D:2      | Noticed Natasha
  1149 | D:2      | Killed Natasha
  1150 | D:2      | Reached XP level 4. HP: 19/19 MP: 4/8
  1151 | D:2      | Noticed Natasha
  1157 | D:2      | Killed from afar by Natasha
  1158 | D:2      | Reached XP level 3. HP: -8/15 MP: 4/7
  1169 | D:2      | Killed Natasha
  1381 | D:2      | Quit the game

Illustrated notes

Levels and vault maps discovered:
D:1:      dpeg_arrival_radiant, layout_basic,
          hellmonk_ecumenical_altar_lost_god, serial_shops,
          nicolae_shop_advertising_works [nicolae_subvault_shop_adworks]
D:2:      layout_rooms, uniq_natasha

Skill      XL: |  1  2  3 |
---------------+----------+-----
Dodging        | 3 |  3.5
Stealth        | 3 |  3.5
Unarmed Combat | 1 |  1.4
Fighting       | 1 |  1.3
Transmutations | 2 |  2.0
Earth Magic    | 3 |  3.0
Spellcasting   | |  2.5

Action                     |  1- 3 |  4- 6 || total
---------------------------+-------+-------++-------
  Melee: Unarmed           |     4 |       ||     4
         Bite              |     1 |       ||     1
   Cast: Sandblast         |    66 |     1 ||    67
 Armour: Skin              |     4 |       ||     4
  Dodge: Dodged            |    30 |       ||    30
